AoeStats
← Jayklops

Arabia

510947506Analyzed
1v1 RM · 11h ago on Oct 3, 2026· 25m 49s· 2 players
Game mode
Random Map
Map size
Tiny (2 player)
Population
200
Speed
Normal
Resources
Standard
Victory
Conquest
Starting age
Dark Age
Ending age
Imperial Age
RankedLock teamsTeams togetherTeam positionsShared explorationLock speedFull tech treeHidden civsTurbo modeCheats
Victory
Defeat
🇩🇪 Tatars · Germany
1910
+19
🇭🇰 Cumans · Hong Kong SAR China
1965
-19
Jayklops
5:18 Loom
10:23 Feudal Age
11:09 Feudal Age
15:34 Castle Age
14:28 Double-Bit Axe
15:45 Padded Archer Armor
15:56 Fletching
17:02 Bodkin Arrow
18:58 Crossbowman
21:37 Horse Collar
22:09 Bow Saw
24:32 Ballistics
-GNG-OverHabit
8:04 Loom
11:38 Feudal Age
12:11 Double-Bit Axe
11:52 Man-at-Arms
16:35 Fletching
19:01 Scale Barding Armor
19:53 Bloodlines
25:38 Castle Age
Connection lost

Rejoining the realm…

Still unreachable

The connection could not be restored.

Session expired

The server has moved on; the page needs a fresh start.